 Dungeon Crawl Stone Soup version 0.24-a0-291-g79c1ce7 (webtiles) character file.

Game seed: 5988559343872423204

3800 Chiseanne the Fighter (level 9, -7/75 HPs)
             Began as a Demonspawn Wanderer on May 9, 2019.
             Was a Believer of Makhleb.
             Mangled by an ogre
             ... wielding a +0 giant club
              (21 damage)
             ... on level 8 of the Dungeon.
             The game lasted 00:21:08 (5652 turns).

Chiseanne the Fighter (Demonspawn Wanderer)         Turns: 5652, Time: 00:21:08

Health: -7/75      AC:  9    Str: 14    XL:     9   Next: 96%
Magic:  15/15      EV: 18    Int: 14    God:    Makhleb [**....]
Gold:   368        SH:  0    Dex: 20    Spells: 8/8 levels left

rFire    + . .     SeeInvis .   a - +3 spear
rCold    . . .     Gourm    .   (no shield)
rNeg     . . .     Faith    .   y - +0 scale mail
rPois    .         Spirit   .   (helmet restricted)
rElec    .         Reflect  .   q - +1 cloak
rCorr    .         Harm     .   (no gloves)
MR       .....                  (no boots)
Stlth    +.........             k - amulet of regeneration
HPRegen  0.62/turn              c - +6 ring of dexterity
MPRegen  0.14/turn              u - +4 ring of evasion

@: no status effects
A: claws 2, horns 1, fire resistance 1, powered by death 1
a: Minor Destruction, Renounce Religion


You were on level 8 of the Dungeon.
You worshipped Makhleb.
Makhleb was pleased with you.
You were not hungry.

You visited 1 branch of the dungeon, and saw 8 of its levels.

You collected 368 gold pieces.

Inventory:

Hand Weapons
 a - a +3 spear (weapon)
 G - a +0 war axe of freezing
Missiles
 d - 178 stones (quivered)
 n - 15 sling bullets
 p - 106 arrows
 E - 10 tomahawks
 I - 15 poisoned needles
Armour
 q - a +1 cloak (worn)
 y - a +0 scale mail (worn)
Jewellery
 c - a +6 ring of dexterity (left claw)
 h - an uncursed ring of magical power {unknown}
 k - an amulet of regeneration (around neck)
 m - an uncursed ring of ice
 u - a +4 ring of evasion (right claw)
Wands
 e - a wand of iceblast (5)
 A - a wand of paralysis (4)
Scrolls
 b - 4 scrolls of teleportation
 l - 5 scrolls of remove curse
 t - 4 scrolls of enchant armour
 w - 2 scrolls of amnesia
 x - a scroll of fog
 B - a scroll of fear
 J - a scroll of magic mapping
Potions
 g - 2 potions of curing
 i - a potion of mutation
 r - a potion of resistance
 s - a potion of haste {unknown}
 v - a potion of agility
 z - a potion of degeneration {unknown}
 F - a potion of berserk rage
 H - 2 potions of magic
Comestibles
 f - 13 rations
 o - 10 chunks of flesh


   Skills:
 * Level 8.8 Fighting
   Level 1.0 Short Blades
 - Level 1.0 Polearms
 - Level 1.0 Throwing
 * Level 5.9 Armour
 * Level 6.9 Dodging
 - Level 1.7 Stealth
   Level 1.0 Shields
 * Level 8.4 Invocations


You had 8 spell levels left.
You didn't know any spells.
Your spell library was empty.

Dungeon Overview and Level Annotations

Branches:
Dungeon (8/15)             Temple (0/1) D:7
   Lair: D:8-11

Altars:
Cheibriados
Dithmenos
Elyvilon
Makhleb
Qazlal
Ru
Sif Muna
Trog
Uskayaw
Xom

Shops:
D:5 *

Annotations:
D:6 1 runed translucent door, RexLacerta's ghost, novice GnWn
D:8 Erica


Innate Abilities, Weirdness & Mutations

You have very sharp fingernails.
You have a pair of small horns on your head.
Your flesh is heat resistant. (rF+)
You regenerate a little health from kills.


Message History

The ogre is moderately wounded.
The ogre hits you with a +0 giant club!
You hit the ogre but do no damage.
You headbutt the ogre, but do no damage.
The ogre is moderately wounded.
The ogre hits you with a +0 giant club!
You hit the ogre.
The ogre is moderately wounded.
You hit the ogre.
The ogre is heavily wounded.
The ogre hits you with a +0 giant club!!
* * * LOW HITPOINT WARNING * * *
You barely miss the ogre. Your headbutt misses the ogre.
The ogre is heavily wounded.
The ogre closely misses you.
Some of the chunks of flesh in your inventory have rotted away.
You hit the ogre but do no damage.
The ogre is heavily wounded.
The ogre hits you with a +0 giant club!!
You die...

#####...##...>#....#
....<......##....#
##.....%...##)..#
#..........#...## ######
##..............###.."...
##..............#)........
#..............##.).......
##..............##.........
##.[........@...###.........
#........<..O..## ##........
#..............# #........
#.............># #.......#
##.............# ###...###
##......<.##..# ####
##.....### ..# ##..### ..#
###### #### ..# ##....#


You could see an ogre.

Vanquished Creatures
  An unseen horror (D:7)
  Grinder (D:5)
  Eustachio (D:4)
  A hungry ghost (D:7)
  A sky beast (D:6)
  An orc warrior (D:5)
  7 ogres
  A phantom (D:5)
  An ice beast (D:7)
  2 necrophages (D:7)
  4 black bears
  A centaur (D:8)
  Blork the orc (D:5)
  A gnoll sergeant (D:7)
  A scorpion (D:5)
  A killer bee (D:7)
  A howler monkey (D:4)
  A bullfrog zombie (D:6)
  2 crimson imps (D:7)
  An orc priest (D:7)
  2 hounds
  A jelly (D:7)
  Ijyb (D:5)
  Natasha (thrice) (D:2)
  6 orc wizards
  4 worker ants
  A killer bee zombie (D:7)
  3 hound skeletons
  A worker ant zombie (D:6)
  10 adders
  18 gnolls
  2 shadow imps
  3 oozes
  2 worms
  2 dart slugs (D:1)
  4 leopard geckos
  14 orcs
  4 bats
  9 giant cockroaches
  5 goblins
  5 hobgoblins (D:2)
  A frilled lizard (D:1)
  A jackal zombie (D:7)
  5 kobolds
  A leopard gecko skeleton (D:4)
  5 rats
144 creatures vanquished.

Notes
Turn   | Place    | Note
-------+----------+-------------------------------------------
     0 | D:1      | Chiseanne the Demonspawn Wanderer began the quest for the
                  | Orb.
     0 | D:1      | Chiseanne set off with the following items: a +2 spear, a
                  | scroll of teleportation, a +0 short sword, a +0 robe, a +0
                  | dagger, a ration
     0 | D:1      | Reached XP level 1. HP: 19/19 MP: 1/1
   164 | D:1      | Reached skill level 1 in Dodging
   164 | D:1      | Gained mutation: You have sharp fingernails. [demonic
                  | ancestry]
   164 | D:1      | Reached XP level 2. HP: 24/25 MP: 2/2
   770 | D:2      | Gained mutation: You have a pair of small horns on your
                  | head. [demonic ancestry]
   770 | D:2      | Reached XP level 3. HP: 20/31 MP: 3/3
   916 | D:2      | Noticed Natasha
   924 | D:2      | Killed Natasha
   924 | D:2      | Reached XP level 4. HP: 38/38 MP: 4/4
   970 | D:2      | Noticed Natasha
   987 | D:2      | Killed Natasha
   987 | D:2      | Reached skill level 5 in Fighting
  1101 | D:2      | Noticed Natasha
  1110 | D:2      | Killed Natasha
  1110 | D:2      | Reached XP level 5. HP: 38/44 MP: 5/5
  1495 | D:2      | Found a burning altar of Makhleb.
  1511 | D:2      | Became a worshipper of Makhleb the Destroyer
  1776 | D:3      | Found a sacrificial altar of Ru.
  1829 | D:3      | Found a shadowy altar of Dithmenos.
  2114 | D:3      | Found a bloodstained altar of Trog.
  2231 | D:3      | Found a white marble altar of Elyvilon.
  2571 | D:4      | Noticed Eustachio
  2573 | D:4      | Noticed an ogre
  2774 | D:4      | Killed Eustachio
  2774 | D:4      | Reached skill level 1 in Armour
  2774 | D:4      | Gained mutation: You have very sharp fingernails. [demonic
                  | ancestry]
  2774 | D:4      | Reached XP level 6. HP: 52/52 MP: 5/7
  2823 | D:4      | Gained mutation: Your flesh is heat resistant. (rF+)
                  | [demonic ancestry]
  2823 | D:4      | Reached XP level 7. HP: 58/58 MP: 8/8
  3041 | D:4      | Found a stormy altar of Qazlal.
  3199 | D:4      | Reached * piety under Makhleb
  3530 | D:5      | Entered Level 5 of the Dungeon
  3721 | D:5      | Gained mutation: You regenerate a little health from kills.
                  | [demonic ancestry]
  3721 | D:5      | Reached XP level 8. HP: 65/65 MP: 11/11
  3745 | D:5      | Noticed Ijyb
  3786 | D:5      | Killed Ijyb
  3820 | D:5      | Found Lqer's Luxury Loot.
  3912 | D:5      | Noticed Blork the orc
  3923 | D:5      | Killed Blork the orc
  3923 | D:5      | Reached skill level 5 in Dodging
  3923 | D:5      | Reached skill level 5 in Invocations
  3953 | D:5      | You fall through a shaft!
  3953 | D:6      | Noticed Grinder
  4061 | D:5      | You fall through a shaft!
  4079 | D:5      | Killed Grinder
  4321 | D:6      | Reached XP level 9. HP: 73/73 MP: 13/13
  4338 | D:6      | Reached ** piety under Makhleb
  4458 | D:6      | Noticed RexLacerta's ghost (novice GnWn)
  4459 | D:6      | Found a runed translucent door.
  4558 | D:6      | Found a snail-covered altar of Cheibriados.
  4869 | D:7      | Found a hide-covered altar of Uskayaw.
  4996 | D:8      | Noticed Erica
  4996 | D:8      | Noticed a two-headed ogre
  5036 | D:7      | Found a deep blue altar of Sif Muna.
  5037 | D:7      | Found a staircase to the Ecumenical Temple.
  5054 | D:7      | Reached skill level 5 in Armour
  5183 | D:7      | HP: 2/74 [something (9)]
  5198 | D:7      | Killed an unseen horror
  5416 | D:7      | Found a shimmering altar of Xom.
  5652 | D:8      | Mangled by an ogre

Levels and vault maps discovered:
D:1:      lightli_arrival_flooded_house, layout_loops_ring
D:2:      minmay_spotlight, layout_loops_ring, chequers_serial_rivers_small_b,
          makhleb_heckhound_becter, uniq_natasha
D:3:      layout_loops_corners, lemuel_crystal_altar, lemuel_round_altar,
          gammafunk_temple_overflow_statue, first_ration,
          minmay_misc_feat_secret_circle, minmay_cupped
D:4:      black_bear_nest_1, layout_basic, lemuel_doored_altar, uniq_eustachio
D:5:      layout_basic, nicolae_alphabet_shops, hangedman_abyss_or_decor_stabs,
          uniq_blork_the_orc, uniq_ijyb
D:6:      layout_rooms, nicolae_overflow_crystal_walls,
          hellmonk_ghost_happy_afterlife, uniq_grinder
D:7:      layout_loops_ring, marbit_many_paths, kennysheep_mini,
          minmay_temple_entry_large_hall, basic_altar
D:8:      layout_cave_pods, kennysheep_little_box, grunt_temple_overflow_open,
          lair_entry_dummy, uniq_psyche, uniq_erica, uniq_harold

Skill      XL: |  1  2  3  4  5  6  7  8  9 |
---------------+----------------------------+-----
Dodging        | 1 2 3 4 5 6 |  6.9
Fighting       | 5 6 7 8 |  8.8
Armour         | 1 3 4 5 |  5.9
Invocations    | 2 4 6 8 |  8.4
Short Blades   | |  1.0
Polearms       | |  1.0
Throwing       | |  1.0
Stealth        | |  1.7
Shields        | |  1.0

Action                   |  1- 3 |  4- 6 |  7- 9 || total
-------------------------+-------+-------+-------++-------
Melee: Spear             |    82 |   119 |   436 ||   637
       Headbutt          |     4 |    23 |   114 ||   141
Evoke: Wand              |       |       |    10 ||    10
  Use: Scroll            |     3 |     8 |     6 ||    17
       Potion            |     1 |     1 |     5 ||     7
 Stab: Sleeping          |     1 |     2 |       ||     3
       Distracted        |       |     1 |       ||     1
       Paralysed         |       |       |    10 ||    10
  Eat: Chunk             |       |     5 |    11 ||    16
       Ration            |       |       |     1 ||     1
Armor: Leather armour    |    21 |    15 |       ||    36
       Robe              |     6 |       |       ||     6
       Scale mail        |       |    14 |   150 ||   164
       Ring mail         |       |     6 |       ||     6
Dodge: Dodged            |    38 |    84 |   358 ||   480

Table legend:
 A = Non-vault XP
 B = Vault XP
 C = Vault XP percentage of total XP
 D = Non-vault monster count
 E = Vault monster count
 F = Vault count percentage of total count
                 A         B        C        D         E       F
            +---------+---------+-------+---------+---------+-------
      Total |    4559 |     870 |  16.0 |     130 |      14 |   9.7
            +---------+---------+-------+---------+---------+-------
        D:1 |      28 |       0 |   0.0 |      14 |       0 |   0.0
        D:2 |     175 |     139 |  44.3 |      26 |       7 |  21.2
        D:3 |      14 |       2 |  12.5 |       6 |       1 |  14.3
        D:4 |     502 |     318 |  38.8 |      19 |       2 |   9.5
        D:5 |     756 |     408 |  35.1 |      16 |       3 |  15.8
        D:6 |     561 |       0 |   0.0 |      15 |       0 |   0.0
        D:7 |    2242 |       3 |   0.1 |      29 |       1 |   3.3
        D:8 |     281 |       0 |   0.0 |       5 |       0 |   0.0
            +---------+---------+-------+---------+---------+-------
